 Dungeon Crawl Stone Soup version 0.30-a0-830-gfe289a77b0 (webtiles) character file.

Game seed: 8673514448658007407

490 Nacht the Digger (level 6, -1/35 (41) HPs)
             Began as a Demonspawn Earth Elementalist on Feb 28, 2023.
             Slain by a scorpion (5 damage)
             ... on level 5 of the Dungeon.
             The game lasted 00:04:14 (4878 turns).

Nacht the Digger (Demonspawn Earth Elementalist)    Turns: 4878, Time: 00:04:15

HP:   -1/35 (41)    AC:  6    Str: 12    XL:     6   Next: 90%
MP:   18/19         EV: 12    Int: 18    God:
Gold: 228           SH:  0    Dex: 14    Spells: 5/11 levels left

rFire   . . .      SeeInvis +    (no weapon)
rCold   . . .      Faith    .    (no shield)
rNeg    . . .      Spirit   .    a - +0 robe
rPois   .          Reflect  .    k - +0 hat "Dygimin" {Str+4}
rElec   .          Harm     .    (no cloak)
rCorr   .          Rampage  .    h - +0 pair of gloves
Will    .....                    (no boots)
Stlth   ++                       (no amulet)
HPRegen 0.25/turn                o - ring of magical power
MPRegen 0.16/turn                A - ring of see invisible

@: heavily drained
A: thin metallic scales 2, demonic touch 1
a: no special abilities


You were on level 5 of the Dungeon.
You visited 1 branch of the dungeon, and saw 5 of its levels.

You collected 228 gold pieces.

Inventory:

Armour
 a - a +0 robe (worn)
 h - a +0 pair of gloves (worn)
 k - the +0 hat "Dygimin" (worn) {Str+4}
   (You found it on level 2 of the Dungeon)

   Str:       It affects your strength (+4).
Jewellery
 o - a ring of magical power (left hand)
 r - a ring of positive energy
 y - a ring of flight
 z - a ring of willpower
 A - a ring of see invisible (right hand)
Wands
 m - a wand of paralysis (6) (quivered)
 x - a wand of acid (15)
Scrolls
 e - 5 scrolls of identify {unknown}
 j - a scroll of vulnerability {unknown}
 l - a scroll of poison {unknown}
 n - a scroll of fog {unknown}
 q - a scroll of immolation
 s - a scroll of noise {unknown}
 u - a scroll of magic mapping {unknown}
 w - a scroll of fear {unknown}
Potions
 b - a potion of magic
 c - 2 potions of berserk rage {unknown}
 d - 3 potions of curing {unknown}
 f - a potion of brilliance {unknown}
 g - a potion of might {unknown}
 i - 4 potions of lignification {unknown}
 p - 2 potions of haste {unknown}
 t - a potion of mutation {unknown}
 v - a potion of ambrosia {unknown}


   Skills:
 - Level 1.7 Dodging
 - Level 1.7 Stealth
 + Level 3.2 Spellcasting
 * Level 3.8 Conjurations
 - Level 0.8 Transmutations
 + Level 5.5 Earth Magic


You had 5 spell levels left.
You knew the following spells:

 Your Spells              Type           Power      Damage    Failure   Level
a - Sandblast             Erth           44%        2d11      1%          1
b - Stone Arrow           Conj/Erth      38%        3d9       7%          3
w - Passwall              Tmut/Erth      11%        N/A       6%          2

Your spell library contained the following spells:

 Spells                   Type           Power      Damage    Failure   Level
 Slow                     Hex            8%         N/A       16%         1
 Ensorcelled Hibernation  Hex/Ice        4%         N/A       24%         2
 Petrify                  Tmut/Erth      14%        N/A       38%         4
 Confusing Touch          Hex            2%         N/A       43%         3
 Ozocubu's Armour         Ice            2%         N/A       43%         3
 Swiftness                Air            2%         N/A       43%         3
 Vampiric Draining        Necr           2%         2d6       43%         3
 Conjure Ball Lightning   Conj/Air       4%         3x3d6     100%        6
 Ozocubu's Refrigeration  Ice            1%         4d7       100%        7
 Discord                  Hex            1%         N/A       100%        8
 Disjunction              Tloc           1%         N/A       100%        8


Dungeon Overview and Level Annotations

Branches:
Dungeon (5/15)
 Temple: D:4-7

Altars:

Shops:
D:4 (   D:5 :

Annotations:
D:5 Edmund


Innate Abilities, Weirdness & Mutations

You are mostly covered in thin metallic scales. (AC +3)
Your touch may inflict minor irresistible damage on your foes.


Message History

Edmund hits you with a +7 dire flail of draining!
You feel drained.
Casting: Sandblast (safe; 1% risk of failure)
Confirm with . or Enter, or press ? or * to list all spells.
Aiming: Sandblast (safe; 1% risk of failure)
Press: ? - help, Shift-Dir - straight line, f/p - Edmund
Aim: Edmund, wielding a +7 dire flail of draining and wearing a +0 ring mail (moderately wounded, 85% to hit)
The blast of sand hits Edmund.
Edmund is moderately wounded.
Edmund hits you with a +7 dire flail of draining.
You feel drained. The scorpion closely misses you.
As you read the scroll labelled FISOUC LUESUY, it crumbles to dust.
The creatures around you are filled with an inner flame!
It was a scroll of immolation.
Edmund hits you with a +7 dire flail of draining!
* * * LOW HITPOINT WARNING * * *
You feel drained.
* * * LOW HITPOINT WARNING * * *
The scorpion closely misses you.
Okay, then.
Okay, then.
Aiming: Paralyse
Press: ? - help, Q - select action, (/) - cycle Shift-Dir - straight line, f/p - Edmund
Aim: Edmund, wielding a +7 dire flail of draining and wearing a +0 ring mail (moderately wounded, inner flame, chance to affect: 49%) Edmund resists with some effort.
Edmund closely misses you. The scorpion stings you.
* * * LOW HITPOINT WARNING * * *
Aiming: Paralyse
Press: ? - help, Q - select action, (/) - cycle Shift-Dir - straight line, f/p - Edmund
Aim: Edmund, wielding a +7 dire flail of draining and wearing a +0 ring mail (moderately wounded, inner flame, chance to affect: 49%) Edmund resists with some effort.
A scorpion comes into view.
The scorpion stings you but does no damage.
Edmund hits you but does no damage.
You feel drained.
Aiming: Paralyse
Press: ? - help, Q - select action, (/) - cycle Shift-Dir - straight line, f/p - Edmund
Aim: Edmund, wielding a +7 dire flail of draining and wearing a +0 ring mail (moderately wounded, inner flame, chance to affect: 49%) Edmund suddenly stops moving!
The scorpion stings you.
You die...

######## #......#
###'†###.######
#......#......#
#......######.#
#..##..# #.###
#..##..# #...####
#......# ###.##..
#..@...# #.##.#
###@s##########....#
#...# ............
#.....#######....#
#.#.#s# ####.#
#.#.#.# ####.. #...#
# #...... #.###
....####. .. #.


You could see Edmund (inner flame, paralysed) and 2 scorpions.

Vanquished Creatures
  A water moccasin (D:5)
  3 scorpions (D:5)
  A jelly (D:4)
  An iguana (D:5)
  5 adders
  An ufetubus (D:5)
  A worm (D:3)
  A dart slug (D:2)
  2 orcs
  12 ball pythons
  11 endoplasms
  7 giant cockroaches
  9 goblins
  5 hobgoblins
  2 jackals (D:5)
  6 kobolds
  6 quokkas
  4 bats
  2 frilled lizards
  4 rats
84 creatures vanquished.

Notes
Turn   | Place    | Note
-------+----------+-------------------------------------------
     0 | D:1      | Nacht the Demonspawn Earth Elementalist began the quest for
                  | the Orb.
     0 | D:1      | Reached XP level 1. HP: 13/13 MP: 3/3
   253 | D:1      | Reached skill level 3 in Earth Magic
   290 | D:1      | Gained mutation: You are partially covered in thin metallic
                  | scales. (AC +2) [demonic ancestry]
   290 | D:1      | Reached XP level 2. HP: 19/19 MP: 1/5
   842 | D:1      | Gained mutation: Your touch may inflict minor irresistible
                  | damage on your foes. [demonic ancestry]
   842 | D:1      | Reached XP level 3. HP: 23/24 MP: 3/6
  1093 | D:1      | Reached skill level 4 in Earth Magic
  1402 | D:2      | Identified the +0 hat "Dygimin" {Str+4}
  1522 | D:2      | Learned a level 2 spell: Passwall
  1526 | D:2      | Learned a level 3 spell: Stone Arrow
  1702 | D:2      | Reached XP level 4. HP: 30/30 MP: 3/7
  3386 | D:4      | Found Ukhlamuwo's Weapon Shoppe.
  3918 | D:4      | Reached skill level 1 in Conjurations
  3920 | D:4      | Reached skill level 5 in Earth Magic
  3920 | D:4      | Gained mutation: You are mostly covered in thin metallic
                  | scales. (AC +3) [demonic ancestry]
  3920 | D:4      | Reached XP level 5. HP: 35/35 MP: 8/8
  4225 | D:5      | Entered Level 5 of the Dungeon
  4251 | D:5      | Noticed a water moccasin
  4260 | D:5      | Killed a water moccasin
  4261 | D:5      | Reached XP level 6. HP: 14/41 MP: 10/10
  4610 | D:5      | Found Kykun's Book Emporium.
  4872 | D:5      | Noticed Edmund
  4878 | D:5      | Slain by a scorpion

Illustrated notes

Levels and vault maps discovered:
D:1:      dpeg_arrival_oval, layout_basic
D:2:      layout_basic, grunt_ministairs_13, kennysheep_nub, minmay_unequal
D:3:      layout_loops_cross, kennysheep_donut
D:4:      layout_cave_pods, serial_shops, nicolae_shop_bloodbath_and_beyond
D:5:      layout_loops_cross, chequers_temple_overflow_minitemple, serial_shops,
          kennysheep_mini, kennysheep_generic_room_15, uniq_edmund

Skill      XL: |  1  2  3  4  5  6 |
---------------+-------------------+-----
Earth Magic    | 3 4 5 |  5.5
Conjurations   | 1 2 3 |  3.8
Spellcasting   | 3 |  3.2
Dodging        | |  1.7
Stealth        | |  1.7
Transmutations | |  0.8

Action                     |  1- 3 |  4- 6 || total
---------------------------+-------+-------++-------
  Melee: Unarmed           |     1 |       ||     1
   Cast: Sandblast         |    58 |    78 ||   136
  Evoke: Wand              |       |     3 ||     3
    Use: Scroll            |       |     1 ||     1
 Armour: Robe              |     1 |    12 ||    13
  Dodge: Dodged            |     8 |    24 ||    32

Table legend: (Time is in decaauts)
 A = Elapsed time spent in this place.
 B = Non-inter-level travel time spent in this place.
 C = Inter-level travel time spent in this place.
 D = Time resting spent in this place.
 E = Time spent auto-exploring this place.
 F = Levels seen in this place.
 G = Mean time per level.
                   A        B        C        D        E       F      G
               +--------+--------+--------+--------+--------+-----+--------+
         Total |   4943 |   4798 |    145 |      0 |   4264 |   5 |  988.6 |
       Dungeon |   4943 |   4798 |    145 |      0 |   4264 |   5 |  988.6 |
               +--------+--------+--------+--------+--------+-----+--------+

Top non-repeatable levels by time:
     D:1: 1361 daAuts
     D:4: 1094 daAuts
     D:2: 996 daAuts
     D:3: 824 daAuts
     D:5: 666 daAuts
